 Seeded DCSS version 0.30.1-11-g7821555f0a (webtiles) character file.

Game seed: 5 (custom seed)

53 Kazon the Sneak (level 3, 0/27 HPs)
             Began as a Vampire Brigand on Oct 30, 2023.
             Slain by an adder (3 damage)
             ... on level 2 of the Dungeon.
             The game lasted 00:04:15 (912 turns).

Kazon the Sneak (Vampire Brigand)                    Turns: 912, Time: 00:04:16

Health: 0/27       AC:  4    Str: 12    XL:     3   Next: 62%
Magic:  3/3        EV: 12    Int: 13    God:
Gold:   91         SH:  0    Dex: 15    Spells: 2/2 levels left

rFire   . . .        f - +4 lajatang (vamp)
rCold   . . .        (shield currently unavailable)
rNeg    . . .        b - +0 robe
rPois   .            j - +0 helmet
rElec   .            c - +0 cloak
rCorr   .            (no gloves)
SInv    +            (no boots)
Will    .....        (no amulet)
Stlth   +++          (no ring)
HPRegen 0.44/turn    (no ring)
MPRegen 0.08/turn

%: no passive effects
@: healing quickly
A: alive, fangs 3, see invisible, vampiric 2
a: Exsanguinate


You were on level 2 of the Dungeon.
You visited 1 branch of the dungeon, and saw 2 of its levels.

You collected 91 gold pieces.

Inventory:

Hand Weapons
 a - a +2 dagger
 f - a +4 vampiric lajatang (weapon)
Missiles
 d - 8 poisoned darts (quivered)
 e - 3 curare-tipped darts
 h - 2 stones
 l - 3 boomerangs
Armour
 b - a +0 robe (worn)
 c - a +0 cloak (worn)
 j - a +0 helmet (worn)
Scrolls
 g - a scroll of fog {unknown}
Potions
 i - a potion of resistance {unknown}
 k - 3 potions of curing {unknown}
 m - a potion of magic {unknown}


   Skills:
 + Level 1.9 Fighting
 + Level 3.0 Short Blades
 + Level 1.0 Staves
 + Level 1.5 Throwing
 + Level 1.2 Dodging
 + Level 6.8 Stealth


You had 2 spell levels left.
You didn't know any spells.
Your spell library was empty.

Dungeon Overview and Level Annotations

Branches:
Dungeon (2/15)

Altars:


Innate Abilities, Weirdness & Mutations

Your natural rate of healing is accelerated.
You have razor-sharp teeth.
You have supernaturally acute eyesight. (SInv)
You are afflicted with vampirism and can become a bat while bloodless.


Message History

The jackal misses you.
The jackal bites you but does no damage. x2
The adder bites you.
You are poisoned.
The adder poisons you!
The endoplasm jiggles.
You hit the jackal. You bite the jackal.
The jackal is almost dead.
You feel sick.
The jackal bites you but does no damage.
The jackal barely misses you. The jackal bites you.
The adder closely misses you. The jackal misses you.
The jackal barely misses you.
The jackal bites you but does no damage.
You hit the jackal.
You feel better.
You kill the jackal!
You feel sick. The adder barely misses you. The jackal barely misses you.
The jackal bites you. The adder bites you but does no damage.
The jackal bites you but does no damage.
You completely miss the jackal.
You feel sick.
You are no longer poisoned.
The jackal bites you. x2; The adder barely misses you.
The endoplasm barely misses you. The jackal barely misses you.
The jackal bites you but does no damage.
The jackal bites you. The adder closely misses you. The endoplasm misses you.
You slash the jackal!
You kill the jackal!
The jackal bites you.
The jackal bites you but does no damage.
The adder bites you but does no damage. The jackal bites you.
The jackal bites you but does no damage.
The endoplasm freezes you.
You are frozen.
* * * LOW HITPOINT WARNING * * *
The adder bites you.
* * * LOW HITPOINT WARNING * * *
The endoplasm attacks as you move away! The endoplasm hits you.
* * * LOW HITPOINT WARNING * * *
The adder bites you.
You die...

.. .......###..####...##
.. ........#...# #..†..
#.#####........####...##
#...<...#.......##......
###......#...).)....###
#.....####....†)...##
#...J.# #####+..###
##....h########.###
........S@........
###.....h########.
#......# #. ##...... ..
#....?. .. #.......
#....... ######


You could see an adder, an endoplasm and 2 jackals.

Vanquished Creatures
  An adder (D:2)
  2 bats (D:1)
  5 endoplasms (D:1)
  A giant cockroach (D:1)
  7 goblins
  2 hobgoblins
  9 jackals
  2 kobolds
  4 ball pythons
  2 frilled lizards
  A rat (D:1)
36 creatures vanquished.

Notes
Turn   | Place    | Note
-------+----------+-------------------------------------------
     0 | D:1      | Kazon the Vampire Brigand began the quest for the Orb.
     0 | D:1      | Reached XP level 1. HP: 16/16 MP: 1/1
    19 | D:1      | Reached skill level 6 in Stealth
    46 | D:1      | Identified a scroll of acquirement
    46 | D:1      | Acquired a +4 vampiric lajatang
    79 | D:1      | Reached XP level 2. HP: 22/22 MP: 2/2
   453 | D:1      | Gained mutation: You are afflicted with vampirism and can
                  | become a bat while bloodless. [Vampire growth]
   453 | D:1      | Reached XP level 3. HP: 27/27 MP: 3/3
   834 | D:2      | Reached skill level 1 in Staves
   912 | D:2      | Slain by an adder

Illustrated notes

Levels and vault maps discovered:
D:1:      ebering_trefoil_3fold, layout_basic, st_stairs_14, serial_bayou_ford_a
D:2:      layout_basic, hangedman_decor_growths, minmay_close_crescents

Skill      XL: |  1  2  3 |
---------------+----------+-----
Stealth        | 6 |  6.8
Short Blades   | 3 |  3.0
Staves         | 1 |  1.0
Fighting       | |  1.9
Throwing       | |  1.5
Dodging        | |  1.2

Action                     || total
---------------------------++-------
  Melee: Dagger            ||    13
         Lajatang          ||    67
         Bite              ||     7
  Throw: Dart              ||     5
    Use: Scroll            ||     2
   Stab: Sleeping          ||    10
 Armour: Robe              ||    37
  Dodge: Dodged            ||    71
